 Dungeon Sprint DCSS version 0.26-a0-660-gc07710193c (webtiles) character file.

Game seed: 15911346986497879164

9588 mhtbhm the Sorcerer (level 11, -24/56 HPs)
             Began as a Deep Elf Earth Elementalist on Oct 7, 2020.
             Was the Champion of Vehumet.
             Shot with an arrow by a deep elf master archer (31 damage)
             ... in the Dungeon (Sprint III: "The Ten Rune Challenge").
             The game lasted 00:06:57 (1933 turns).

mhtbhm the Sorcerer (Deep Elf Earth Elementalist)   Turns: 1933, Time: 00:06:57

Health: -24/56     AC:  2    Str:  5    XL:     11   Next: 25%
Magic:  20/39      EV: 16    Int: 24    God:    Vehumet [******]
Gold:   4298       SH:  0    Dex: 15    Spells: 36/54 levels left

rFire    . . .     SeeInvis .   (no weapon)
rCold    . . .     Faith    .   (no shield)
rNeg     . . .     Spirit   .   c - +0 robe
rPois    .         Reflect  .   (helmet restricted)
rElec    .         Harm     .   (no cloak)
rCorr    .         Rampage  .   (no gloves)
MR       +....     Rnd*Rage +   (no boots) Stlth ++........NoTele +
                                (no amulet)
HPRegen  0.18/turn              (no ring)
MPRegen  0.26/turn              (no ring)

@: no status effects
A: horns 1, berserk 1, sturdy frame 1
a: Renounce Religion


You were in the Dungeon.
You worshipped Vehumet.
Vehumet was exalted by your worship.
You visited 1 branch You collected 5068 gold pieces.
You spent 770 gold pieces at shops.

Inventory:

Hand Weapons
 v - a +1 dagger of flaming
Missiles
 b - 7 stones (quivered)
 r - 3 throwing nets
Armour
 c - a +0 robe (worn)
Wands
 u - a wand of disintegration (13)
Scrolls
 i - a scroll of blinking
 j - a scroll of holy word {unknown}
 k - 3 scrolls of identify
 l - 4 scrolls of remove curse
 n - a scroll of immolation {unknown}
Potions
 a - a potion of degeneration {unknown}
 d - a potion of curing
 e - a potion of heal wounds
 f - a potion of haste
 g - a potion of magic
 h - a potion of berserk rage
 m - 4 potions of flight
 o - 2 potions of might
 p - a potion of mutation
Miscellaneous
 q - a phial of floods
 s - a condenser vane (2/2)
 t - a tin of tremorstones (3/3)


   Skills:
 + Level 1.5 Fighting
 + Level 6.1 Dodging
 - Level 2.7 Stealth
 + Level 22.1 Spellcasting
 + Level 2.3 Conjurations
 + Level 3.1 Transmutations
 + Level 19.8 Earth Magic
 + Level 0.5 Evocations


You had 36 spell levels left.
You knew the following spells:

 Your Spells              Type           Power        Failure   Level
a - Sandblast             Erth           ######       0%          1
b - Passwall              Tmut/Erth      ######..     1%          2
c - Stone Arrow           Conj/Erth      ######       1%          3
d - Lee's Rapid Deconstr  Erth           #######...   0%          5
e - Petrify               Tmut/Erth      ######..     1%          4
f - Mephitic Cloud        Conj/Pois/Air  ####....     1%          3

Your spell library contained the following spells:

 Spells                   Type           Power        Failure   Level
 Ozocubu's Refrigeration  Ice            ####......   50%         6
 Confusing Touch          Hex            ####....     4%          3
 Gell's Gravitas          Tloc           ####......   4%          3
 Yara's Violent Unravell  Hex/Tmut       ####......   6%          5
 Metabolic Englaciation   Hex/Ice        ####......   38%         5


Dungeon Overview and Level Annotations

Branches:
Dungeon (1/1)

Altars:
Cheibriados
Dithmenos
Elyvilon
Fedhas
Gozag
Hepliaklqana
Kikubaaqudgha
Makhleb
Nemelex Xobeh
Okawaru
Qazlal
Ru
Sif Muna
Trog
Uskayaw
Vehumet
Wu Jian
Xom
Yredelemnul
Zin
The Shining One
Beogh
Jiyva
Lugonu

Shops:
D }


Innate Abilities, Weirdness & Mutations

You have a pair of small horns on your head.
You tend to lose your temper in combat.
Your movements are slightly less encumbered by armour. (ER -2)


Message History

The blast of rock fragments hits the deep elf master archer but does no damage.
The deep elf master archer is severely wounded.
The deep elf master archer shoots an arrow.
The arrow hits you!!
Ouch! That really hurt!
Casting: Lee's Rapid Deconstruction (safe; 0% risk of failure)
Confirm with . or Enter, or press ? or * to list all spells.
Aiming: Lee's Rapid Deconstruction (safe; 0% risk of failure)
Press: ? - help, Dir - move target cursor A stone wall.
The wall shatters!
The blast of rock fragments hits the deep elf master archer!!
The deep elf master archer is almost dead.
The deep elf master archer shoots an arrow.
The arrow hits you!!
* * * LOW HITPOINT WARNING * * *
The deep elf master archer shoots an arrow.
The arrow hits you!!
Ouch! That really hurt!
You die...

▓▓▓▓▓ ###.##.###########
### #..#.##.∩..'.#...#
[[.'
#.)).......#.#..@##≈≈≈≈#
#........###.#)..≈≈°○§)e
#)))......##.#[..##§§§≈#
#.##.#.###.#.)...# ...'
#).#.##.. ######## ###
#)#####################
#....#)#.#.....#......+
##.#))#.##.###.#......#
'##.#.#.##.#.)##......#


You could see a deep elf master archer.

Vanquished Creatures
  A deep elf demonologist (D)
  2 deep elf death magi (D)
  Erolcha (D)
  9 deep elf magi (D)
  3 wandering mushrooms (D)
  A shadow (D)
  2 redbacks (D)
  A spatial vortex (D)
  3 orc warriors (D)
  A necrophage (D)
  5 two-headed ogres (D)
  A water elemental (D)
  A scorpion (D)
  A jelly (D)
  3 orc priests (D)
  A wizard (D)
  2 orc wizards (D)
  A necromancer (D)
  3 humans (D)
  A kobold demonologist (D)
  An ooze (D)
  10 orcs (D)
  3 rats (D)
  A crawling corpse (D)
58 creatures vanquished.

Notes
Turn   | Place    | Note
-------+----------+-------------------------------------------
     0 | D        | mhtbhm the Deep Elf Earth Elementalist began the quest for
                  | the Orb.
     0 | D        | Reached XP level 1. HP: 10/10 MP: 6/6
    89 | D        | Reached skill level 4 in Spellcasting
    89 | D        | Reached skill level 5 in Earth Magic
    89 | D        | Reached XP level 2. HP: 15/15 MP: 3/9
   144 | D        | Learned a level 2 spell: Passwall
   149 | D        | Noticed a scorpion
   155 | D        | Killed a scorpion
   155 | D        | Reached skill level 6 in Spellcasting
   155 | D        | Reached XP level 3. HP: 7/19 MP: 5/12
   155 | D        | Reached XP level 4. HP: 10/24 MP: 5/14
   180 | D        | Gained mutation: Your spells are a little harder to cast,
                  | but a little more powerful. [potion of mutation]
   180 | D        | Gained mutation: You expend magic power (3 MP) to
                  | strengthen your wands. [potion of mutation]
   181 | D        | Lost mutation: You expend magic power (3 MP) to strengthen
                  | your wands. [potion of mutation]
   181 | D        | Lost mutation: Your spells are a little harder to cast, but
                  | a little more powerful. [potion of mutation]
   181 | D        | Gained mutation: You are frail. (-10% HP) [potion of
                  | mutation]
   181 | D        | Gained mutation: You are agile. (Dex +2) [potion of
                  | mutation]
   181 | D        | Gained mutation: You are somewhat resistant to further
                  | mutation. [potion of mutation]
   182 | D        | Lost mutation: You are frail. (-10% HP) [potion of
                  | mutation]
   182 | D        | Lost mutation: You are somewhat resistant to further
                  | mutation. [potion of mutation]
   182 | D        | Lost mutation: You are agile. (Dex +2) [potion of mutation]
   182 | D        | Gained mutation: You tend to lose your temper in combat.
                  | [potion of mutation]
   182 | D        | Gained mutation: You have a pair of small horns on your
                  | head. [potion of mutation]
   182 | D        | Gained mutation: Your movements are slightly less
                  | encumbered by armour. (ER -2) [potion of mutation]
   346 | D        | Learned a level 3 spell: Stone Arrow
   362 | D        | Noticed a water elemental
   365 | D        | Killed a water elemental
   365 | D        | Reached skill level 7 in Spellcasting
   411 | D        | Found a radiant altar of Vehumet.
   411 | D        | Found a shimmering blue altar of Sif Muna.
   411 | D        | Found an ancient bone altar of Kikubaaqudgha.
   411 | D        | Noticed a wizard
   413 | D        | Killed a wizard
   413 | D        | Reached skill level 8 in Spellcasting
   413 | D        | Reached XP level 5. HP: 28/28 MP: 13/17
   423 | D        | Became a worshipper of Vehumet
   434 | D        | Learned a level 5 spell: Lee's Rapid Deconstruction
   439 | D        | Learned a level 4 spell: Petrify
   468 | D        | Found a basalt altar of Yredelemnul.
   468 | D        | Found a shadowy altar of Dithmenos.
   468 | D        | Found a sacrificial altar of Ru.
   468 | D        | Noticed a necrophage
   469 | D        | Reached skill level 5 in Dodging
   469 | D        | Reached skill level 10 in Earth Magic
   470 | D        | Killed a necrophage
   470 | D        | Reached skill level 1 in Fighting
   470 | D        | Reached skill level 9 in Spellcasting
   470 | D        | Reached XP level 6. HP: 34/34 MP: 11/20
   529 | D        | Found a hide-covered altar of Uskayaw.
   529 | D        | Found a roughly hewn altar of Beogh.
   529 | D        | Found an iron altar of Okawaru.
   529 | D        | Found a bloodstained altar of Trog.
   529 | D        | Found an ornate altar of the Wu Jian Council.
   529 | D        | Noticed a human
   529 | D        | Noticed a human
   531 | D        | Killed a human
   531 | D        | Reached * piety under Vehumet
   531 | D        | Offered knowledge of Shock by Vehumet.
   531 | D        | Reached skill level 10 in Spellcasting
   532 | D        | Killed a human
   532 | D        | Reached skill level 11 in Spellcasting
   532 | D        | Reached XP level 7. HP: 38/38 MP: 5/24
   631 | D        | Found a glowing silver altar of Zin.
   631 | D        | Found a glowing golden altar of the Shining One.
   631 | D        | Found a white marble altar of Elyvilon.
   631 | D        | Noticed a deep elf mage
   633 | D        | Killed a deep elf mage
   633 | D        | Reached skill level 13 in Spellcasting
   698 | D        | Offered knowledge of Foxfire by Vehumet.
   698 | D        | Reached ** piety under Vehumet
   698 | D        | Reached XP level 8. HP: 43/43 MP: 22/27
   760 | D        | Found a blossoming altar of Fedhas.
   760 | D        | Found a stormy altar of Qazlal.
   760 | D        | Found a snail-covered altar of Cheibriados.
   760 | D        | Found a burning altar of Makhleb.
   760 | D        | Found a shimmering altar of Xom.
   761 | D        | Found a hazy altar of Hepliaklqana.
   761 | D        | Found an opulent altar of Gozag.
   761 | D        | Found a sparkling altar of Nemelex Xobeh.
   761 | D        | Found a corrupted altar of Lugonu.
   761 | D        | Found a viscous altar of Jiyva.
   765 | D        | Reached skill level 14 in Spellcasting
   861 | D        | Offered knowledge of Mephitic Cloud by Vehumet.
   861 | D        | Reached *** piety under Vehumet
   962 | D        | Noticed a two-headed ogre
   973 | D        | Killed a two-headed ogre
   973 | D        | Reached skill level 15 in Spellcasting
   973 | D        | Reached skill level 15 in Earth Magic
  1117 | D        | Learned a level 3 spell: Mephitic Cloud
  1117 | D        | Noticed Erolcha
  1120 | D        | Noticed a two-headed ogre
  1121 | D        | Killed Erolcha
  1121 | D        | Offered knowledge of Conjure Flame by Vehumet.
  1121 | D        | Reached XP level 9. HP: 47/47 MP: 16/30
  1124 | D        | Killed a two-headed ogre
  1124 | D        | Reached **** piety under Vehumet
  1124 | D        | Reached skill level 16 in Spellcasting
  1307 | D        | Noticed a wandering mushroom
  1311 | D        | Noticed a wandering mushroom
  1315 | D        | Killed a wandering mushroom
  1315 | D        | Offered knowledge of Airstrike by Vehumet.
  1315 | D        | Reached skill level 17 in Spellcasting
  1316 | D        | Noticed a wandering mushroom
  1323 | D        | Killed a wandering mushroom
  1323 | D        | Reached skill level 1 in Conjurations
  1329 | D        | Killed a wandering mushroom
  1329 | D        | Reached ***** piety under Vehumet
  1537 | D        | Offered knowledge of Spellforged Servitor by Vehumet.
  1542 | D        | HP: 2/47 [orc warrior/boomerang (21)]
  1551 | D        | Reached ****** piety under Vehumet
  1692 | D        | Found Jyseile's Gadget Shop.
  1738 | D        | Bought a condenser vane (2/2) for 200 gold pieces
  1738 | D        | Bought a tin of tremorstones (3/3) for 400 gold pieces
  1738 | D        | Bought a wand of disintegration (13) for 170 gold pieces
  1740 | D        | Noticed a deep elf mage
  1740 | D        | Noticed a deep elf mage
  1740 | D        | Noticed a deep elf mage
  1740 | D        | Noticed a deep elf mage
  1740 | D        | Noticed a deep elf mage
  1747 | D        | Killed a deep elf mage
  1747 | D        | Reached skill level 18 in Spellcasting
  1747 | D        | Reached XP level 10. HP: 52/52 MP: 27/34
  1749 | D        | Killed a deep elf mage
  1749 | D        | Offered knowledge of Hailstorm by Vehumet.
  1750 | D        | Killed a deep elf mage
  1750 | D        | Reached skill level 19 in Spellcasting
  1751 | D        | Killed a deep elf mage
  1752 | D        | Killed a deep elf mage
  1818 | D        | Noticed a deep elf demonologist
  1819 | D        | Noticed a deep elf mage
  1820 | D        | Noticed a deep elf death mage
  1821 | D        | Killed a deep elf mage
  1821 | D        | Reached skill level 20 in Spellcasting
  1822 | D        | Killed a deep elf death mage
  1825 | D        | Noticed a deep elf master archer
  1908 | D        | Noticed a deep elf mage
  1911 | D        | Killed a deep elf mage
  1925 | D        | Noticed a deep elf mage
  1926 | D        | Noticed an Executioner
  1927 | D        | Killed a deep elf mage
  1927 | D        | Reached skill level 21 in Spellcasting
  1927 | D        | Reached XP level 11. HP: 56/56 MP: 12/38
  1927 | D        | Killed a deep elf demonologist
  1927 | D        | Offered knowledge of Ozocubu's Refrigeration by Vehumet.
  1928 | D        | Noticed a deep elf death mage
  1932 | D        | Killed a deep elf death mage
  1932 | D        | Reached skill level 22 in Spellcasting
  1933 | D        | Shot with an arrow by a deep elf master archer

Illustrated notes

Levels and vault maps discovered:
D:        dungeon_sprint_mu [sprint_mu_entry_forest, sprint_mu_temple_rooms,
          sprint_mu_d1_spiders, sprint_mu_d2_genie, sprint_mu_d3_branching,
          sprint_mu_orc_legion, sprint_mu_elf_gauntlet, sprint_mu_hive_nellie,
          sprint_mu_lair_fedhas, sprint_mu_vaults_butterflies,
          sprint_mu_slime_circle, sprint_mu_shoals_kraken,
          sprint_mu_snake_twists, sprint_mu_blade_basic,
          sprint_mu_crypt_fortress, sprint_mu_tomb_spiral,
          sprint_mu_vestibule_basic, sprint_mu_gehenna_hellfire,
          sprint_mu_dis_giant, sprint_mu_tartarus_statrot,
          sprint_mu_cocytus_islands, sprint_mu_zot1]

Skill      XL: |  1  2  3  4  5  6  7  8  9 10 11 |
---------------+----------------------------------+-----
Earth Magic    | 5 7 9 10 12 13 16 17 19 | 19.8
Dodging        | 3 4 5 6 |  6.1
Spellcasting   | 4 6 8 9 11 13 15 18 21 22 | 22.1
Fighting       | 1 |  1.5
Transmutations | 2 3 |  3.1
Conjurations   | 2 |  2.3
Stealth        | |  2.7
Evocations     | |  0.5

Action                   |  1- 3 |  4- 6 |  7- 9 | 10-12 || total
-------------------------+-------+-------+-------+-------++-------
 Cast: Sandblast         |    11 |     7 |     5 |       ||    23
       Stone Arrow       |       |     1 |    13 |     2 ||    16
       Lee's Rapid Decon |       |     3 |    30 |    18 ||    51
       Petrify           |       |       |     2 |       ||     2
       Mephitic Cloud    |       |       |     1 |       ||     1
Evoke: Condenser vane    |       |       |       |     1 ||     1
  Use: Potion            |       |     3 |     1 |     1 ||     5
Dodge: Dodged            |       |       |     4 |       ||     4

Table legend: (Time is in decaauts)
 A = Elapsed time spent in this place.
 B = Non-inter-level travel time spent in this place.
 C = Inter-level travel time spent in this place.
 D = Time resting spent in this place.
 E = Time spent auto-exploring this place.
 F = Levels seen in this place.
 G = Mean time per level.
                   A        B        C        D        E       F      G
               +--------+--------+--------+--------+--------+-----+--------+
         Total |   1936 |   1936 |      0 |   1353 |      1 |   1 | 1936.0 |
       Dungeon |   1936 |   1936 |      0 |   1353 |      1 |   1 | 1936.0 |
               +--------+--------+--------+--------+--------+-----+--------+

Top non-repeatable levels by time:
       D: 1936 daAuts
